 Dungeon Crawl Stone Soup version 0.30-a0-374-g95c0257040 (webtiles) character file.

Game seed: 16720796788019131253

93 MiniMilk the Trooper (level 4, -7/41 HPs)
             Began as a Minotaur Fighter on Nov 25, 2022.
             Killed by nerve-wracking pain
             ... invoked by Grinder
              (13 damage)
             ... on level 3 of the Dungeon.
             The game lasted 00:23:38 (2194 turns).

MiniMilk the Trooper (Minotaur Fighter)             Turns: 2194, Time: 00:23:38

Health: -7/41      AC:  8    Str: 20    XL:     4   Next: 36%
Magic:  3/3        EV:  9    Int:  5    God:
Gold:   149        SH:  5    Dex: 12    Spells: 3/3 levels left

rFire   . . .      SeeInvis .    l - +2 trident (venom)
rCold   . . .      Faith    .    c - +0 buckler
rNeg    . . .      Spirit   .    b - +0 scale mail
rPois   .          Reflect  .    (helmet restricted)
rElec   .          Harm     .    m - +0 cloak
rCorr   .          Rampage  .    (no gloves)
Will    .....                    (no boots)
Stlth   ..........               (no amulet)
HPRegen 0.26/turn                (no ring)
MPRegen 0.08/turn                (no ring)

@: no status effects
A: horns 2, retaliatory headbutt
a: no special abilities


You were on level 3 of the Dungeon.
You visited 1 branch of the dungeon, and saw 3 of its levels.

You collected 149 gold pieces.

Inventory:

Hand Weapons
 a - a +1 long sword
 l - a +2 trident of venom (weapon)
Armour
 b - a +0 scale mail (worn)
 c - a +0 buckler (worn)
 m - a +0 cloak (worn)
Scrolls
 f - a scroll of noise {unknown}
 h - 3 scrolls of teleportation
 k - a scroll of fog
Potions
 d - 3 potions of might
 e - 3 potions of curing
 i - a potion of flight {unknown}
 j - a potion of resistance {unknown}


   Skills:
 + Level 4.5 Fighting
 - Level 3.6 Long Blades
 + Level 0.1 Polearms
 + Level 4.5 Armour
 - Level 4.0 Shields


You had 3 spell levels left.
You didn't know any spells.
Your spell library contained the following spells:

 Spells                   Type           Power      Damage    Failure   Level
 Apportation              Tloc           0%         N/A       88%         1
 Scorch                   Fire           0%         2d5       96%         2
 Flame Wave               Conj/Fire      0%         2d4       100%        4
 Alistair's Intoxication  Tmut/Pois      0%         N/A       100%        5
 Summon Cactus Giant      Summ           0%         N/A       100%        6


Dungeon Overview and Level Annotations

Branches:
Dungeon (3/15)

Altars:
Uskayaw

Shops:
D:2 (

Annotations:
D:3 Grinder


Innate Abilities, Weirdness & Mutations

You have a pair of horns on your head.
You reflexively headbutt those who attack you in melee.


Message History

A rat comes into view.
Found a stone staircase leading down.
Grinder gestures at you. Pain shoots through your body!
* * * LOW HITPOINT WARNING * * *
There is a stone staircase leading down here.
Grinder gestures at you. You resist with significant effort.
You open the door.
There is an open door here.
Found 15 gold pieces.
Found 10 gold pieces.
Grinder gestures at you.
You suddenly lose the ability to move!
Grinder says, "There's only one good use for a tongue: cutting it out."
You can move again.
You hit Grinder. Your headbutt misses Grinder.
Grinder is severely wounded.
Grinder closely misses you.
You puncture Grinder! You headbutt Grinder.
Grinder is almost dead.
Grinder hits you.
You writhe in agony.
* * * LOW HITPOINT WARNING * * *
The rat misses you. Grinder completely misses you. The rat bites you.
* * * LOW HITPOINT WARNING * * *
You completely miss Grinder.
Grinder is almost dead.
Grinder closely misses you. The rat bites you but does no damage.
You barely miss Grinder.
Grinder is almost dead.
Grinder barely misses you. The rat completely misses you.
You barely miss Grinder. Your headbutt misses Grinder.
Grinder is almost dead.
Grinder gestures at you. Pain shoots through your body!
* * * LOW HITPOINT WARNING * * *
The rat closely misses you. Grinder gestures at you.
Pain shoots through your body!
You die...

....#..............#####
.....#............5.....#####
######......#r..##..#...
.######....###.........#
.............####.##.####
...............##...r5...
...............##########
.........r.....#### #...
......$.@5...#....####..#
+#+##########$....#.....5
#.....#.##### +..5..#'#####
#............ #............
###.......... .....#+#####
.......#


You could see Grinder and a rat.

Vanquished Creatures
  2 adders (D:2)
  2 dart slugs
  5 bats
  7 endoplasms
  3 giant cockroaches
  6 goblins
  7 hobgoblins
  7 jackals (D:1)
  9 kobolds
  6 ball pythons
  2 frilled lizards
  5 rats (D:1)
61 creatures vanquished.

Notes
Turn   | Place    | Note
-------+----------+-------------------------------------------
     0 | D:1      | MiniMilk the Minotaur Fighter began the quest for the Orb.
     0 | D:1      | Reached XP level 1. HP: 19/19 MP: 0/0
   170 | D:1      | Reached XP level 2. HP: 23/27 MP: 1/1
   321 | D:1      | Reached XP level 3. HP: 33/33 MP: 2/2
  1029 | D:2      | Found a hide-covered altar of Uskayaw.
  1048 | D:2      | Reached XP level 4. HP: 27/41 MP: 3/3
  1862 | D:2      | Found Poystrun's Weapon Shop.
  2068 | D:3      | Found a faded altar of an unknown god.
  2103 | D:3      | Noticed Grinder
  2120 | D:3      | Paralysed by Grinder for 2 turns
  2136 | D:3      | Paralysed by Grinder for 3 turns
  2185 | D:3      | Paralysed by Grinder for 4 turns
  2194 | D:3      | Killed from afar by Grinder

Illustrated notes

Levels and vault maps discovered:
D:1:      lemuel_arrival_funnel, layout_basic, minmay_split_cup_large
D:2:      layout_basic, basic_altar, serial_shops, shop,
          kennysheep_generic_room_12
D:3:      layout_basic, hellmonk_ecumenical_altar_lost_god, serial_shops,
          nicolae_shop_bloodbath_and_beyond, uniq_grinder

Skill      XL: |  1  2 |
---------------+-------+-----
Fighting       | 4 |  4.5
Armour         | 4 |  4.5
Shields        | 4 |  4.0
Long Blades    | 3 |  3.6
Polearms       | |  0.1

Action                   |  1- 3 |  4- 6 || total
-------------------------+-------+-------++-------
Melee: Long sword        |   101 |    25 ||   126
       Headbutt          |    20 |     5 ||    25
       Trident           |       |    13 ||    13
  Use: Scroll            |     4 |     2 ||     6
Armor: Scale mail        |    50 |    10 ||    60
Dodge: Dodged            |    32 |    17 ||    49
Block: Buckler           |    21 |     2 ||    23

Table legend: (Time is in decaauts)
 A = Elapsed time spent in this place.
 B = Non-inter-level travel time spent in this place.
 C = Inter-level travel time spent in this place.
 D = Time resting spent in this place.
 E = Time spent auto-exploring this place.
 F = Levels seen in this place.
 G = Mean time per level.
                   A        B        C        D        E       F      G
               +--------+--------+--------+--------+--------+-----+--------+
         Total |   2235 |   2212 |     23 |    100 |   1014 |   3 |  745.0 |
       Dungeon |   2235 |   2212 |     23 |    100 |   1014 |   3 |  745.0 |
               +--------+--------+--------+--------+--------+-----+--------+

Top non-repeatable levels by time:
     D:2: 1089 daAuts
     D:1: 956 daAuts
     D:3: 188 daAuts
